 Dungeon Crawl Stone Soup version 0.23.2-1-ga50397a (webtiles) character file.

Game seed: 6555696894084680273

158 Borgoz the Cutter (level 5, -7/35 HPs)
             Began as a Halfling Gladiator on May 25, 2019.
             Killed by divine providence
             ... invoked by an orc priest
              (15 damage)
             ... on level 3 of the Dungeon.
             The game lasted 00:03:12 (2230 turns).

Borgoz the Cutter (Halfling Gladiator)              Turns: 2230, Time: 00:03:12

Health: -7/35      AC: 13    Str: 16    XL:     5   Next: 67%
Magic:  5/5        EV:  8    Int:  6    God:
Gold:   75         SH:  8    Dex: 16    Spells: 4/4 levels left

rFire    . . .     SeeInvis .   a - +0 rapier
rCold    . . .     Gourm    .   m - +0 shield
rNeg     . . .     Faith    .   n - +0 chain mail
rPois    .         Spirit   .   c - +0 helmet
rElec    .         Reflect  .   l - +0 cloak
rCorr    .         Harm     .   j - +0 pair of gloves
MR       .....                  i - +0 pair of boots
Stlth    ..........             (no amulet)
HPRegen  0.11/turn              (no ring)
MPRegen  0.09/turn              (no ring)

@: lethally poisoned (-7 -> -32), flying, hasted, very quick
A: small, mutation resistance 1
a: no special abilities


You were on level 3 of the Dungeon.
You were not hungry.

You visited 1 branch of the dungeon, and saw 3 of its levels.

You collected 75 gold pieces.

Inventory:

Hand Weapons
 a - a +0 rapier (weapon)
Missiles
 d - 3 throwing nets (quivered)
Armour
 c - a +0 helmet (worn)
 i - a +0 pair of boots (worn)
 j - a +0 pair of gloves (worn)
 l - a +0 cloak (worn)
 m - a +0 shield (worn)
 n - a +0 chain mail (worn)
Scrolls
 b - a scroll of magic mapping {unknown}
 e - a scroll of fear {unknown}
 h - 3 scrolls of identify {unknown}
 o - a scroll of remove curse {unknown}
Potions
 p - a potion of degeneration {unknown}
 q - a potion of haste
Comestibles
 f - 5 rations
 g - 11 chunks of flesh


   Skills:
 + Level 2.7 Fighting
 + Level 4.4 Short Blades
 - Level 2.0 Throwing
 + Level 2.1 Armour
 + Level 4.1 Dodging
 + Level 2.4 Stealth


You had 4 spell levels left.
You didn't know any spells.
Your spell library was empty.

Dungeon Overview and Level Annotations

Branches:
Dungeon (3/15)

Altars:
Ru


Innate Abilities, Weirdness & Mutations

You are small and have problems with some larger weapons.
You are somewhat resistant to further mutation.


Message History

The orc hits you but does no damage.
You are too injured to fight recklessly!
You are too injured to fight recklessly!
It was a potion of haste.
You feel yourself speed up.
You feel sick.
The orc priest calls down the wrath of Beogh upon you.
You barely resist. You block the orc's attack.
The orc hits you but does no damage. x2
* * * LOW HITPOINT WARNING * * *
You feel sick.
The orc priest looks satisfied for a moment.
The orc hits you but does no damage.
You are more poisoned.
It was a potion of flight.
You feel very buoyant.
You fly up into the air.
* * * LOW HITPOINT WARNING * * *
You feel sick.
The orc priest mumbles some strange prayers to Beogh against you.
Beogh smites you!
You die...

.#..######..)..........##.#
..........#.##..........#.#
.........≈(≈≈...≈#........#
.#.#...≈≈≈....≈≈.##...#.###
.#.#.÷≈≈≈≈≈≈≈≈≈..###..#.#
.#.#†≈≈≈≈≈≈≈≈≈≈..###....#
.#....≈≈≈≈≈≈≈≈≈≈.##.....#
......≈≈≈.≈.≈≈≈.........#
..#..≈≈≈≈≈_.≈≈≈.@##.........
....÷.≈≈≈..≈≈≈≈≈oo##...####.#
.###.≈≈≈≈≈≈≈≈≈≈oo#.#.###
#..≈≈≈≈≈≈≈≈≈..##..#
....≈.≈≈≈≈≈≈≈≈≈≈.###.#
####≈≈.≈≈..≈≈≈...# .##
#≈.≈.≈....≈.≈≈#
##.#########.#. .# ##..


You could see an orc priest and 3 orcs.

Vanquished Creatures
  A centaur (D:2)
  3 adders
  3 worms
  3 leopard geckos
  An orc (D:3)
  13 bats
  3 giant cockroaches
  2 goblins (D:2)
  2 hobgoblins
  3 jackals (D:2)
  4 frilled lizards (D:2)
  5 kobolds
  3 rats
46 creatures vanquished.

Notes
Turn   | Place    | Note
-------+----------+-------------------------------------------
     0 | D:1      | Borgoz the Halfling Gladiator began the quest for the Orb.
     0 | D:1      | Reached XP level 1. HP: 14/14 MP: 1/1
   323 | D:1      | Reached XP level 2. HP: 19/19 MP: 2/2
   343 | D:1      | You fall through a shaft!
   953 | D:2      | Reached skill level 1 in Stealth
   968 | D:2      | Reached XP level 3. HP: 24/24 MP: 3/3
   970 | D:2      | Reached skill level 1 in Armour
  1223 | D:2      | Found a sacrificial altar of Ru.
  1246 | D:2      | Reached XP level 4. HP: 9/29 MP: 4/4
  1629 | D:2      | Noticed a centaur
  1643 | D:2      | Killed a centaur
  1643 | D:2      | Reached XP level 5. HP: 11/35 MP: 5/5
  2124 | D:3      | Found a faded altar of an unknown god.
  2230 | D:3      | Killed from afar by an orc priest

Skill      XL: |  1  2  3  4 |
---------------+-------------+-----
Fighting       | 2 |  2.7
Stealth        | 1 2 |  2.4
Armour         | 1 2 |  2.1
Short Blades   | 4 |  4.4
Dodging        | 4 |  4.1
Throwing       | |  2.0

Action                   |  1- 3 |  4- 6 || total
-------------------------+-------+-------++-------
Melee: Rapier            |   123 |    88 ||   211
  Use: Potion            |       |     3 ||     3
  Eat: Chunk             |     1 |     3 ||     4
Armor: Leather armour    |    28 |       ||    28
       Chain mail        |    50 |    56 ||   106
Dodge: Dodged            |    84 |    43 ||   127
Block: Shield            |    56 |    65 ||   121
